ITL
WABA DUCKS @ DETROIT X-WINGS
06/09/2027
 
TOP OF THE 1ST
Waba Ducks batting - Pitching for Detroit X-Wings : RHP Joe Hopkins
Pitching: RHP Joe Hopkins
Batting: LHB Javier Orozco 0-0: Called Strike
0-1: Ball
1-1: Foul Ball, location: 2F
1-2: Strikes out looking
Batting: RHB Pedro Molina 0-0: Foul Ball, location: 2F
0-1: Ball
1-1: Swinging Strike
1-2: Ball
2-2: Strikes out swinging
Batting: LHB José Román 0-0: Called Strike
0-1: Swinging Strike
0-2: DOUBLE (Flyball, 78XD)
Batting: RHB Chris Osborn 0-0: Foul Ball, location: 2F
0-1: Ball
1-1: Swinging Strike
1-2: Foul Ball, location: 2F
1-2: Ball
2-2: Ground out 1-3 (Groundball, 13S)
Top of the 1st over - 0 run(s), 1 hit(s), 0 error(s), 1 left on base; Waba 0 - Detroit 0
BOTTOM OF THE 1ST
Detroit X-Wings batting - Pitching for Waba Ducks : RHP Fernando Guzmán
Pitching: RHP Fernando Guzmán
Batting: LHB Sergio Luna 0-0: Called Strike
0-1: Ball
1-1: Swinging Strike
1-2: Strikes out swinging
Batting: RHB Gary Witt 0-0: Called Strike
0-1: Ball
1-1: Swinging Strike
1-2: Ball
2-2: Foul Ball, location: 2F
2-2: Ball
3-2: Base on Balls
Batting: LHB Juan Colón 0-0: Ball
1-0: Swinging Strike
1-1: Foul Ball, location: 2F
1-2: Ball
2-2: Foul Ball, location: 2F
2-2: Foul Ball, location: 2F
2-2: SINGLE (Line Drive, 78S)
Gary Witt to second
Batting: RHB Jaime Contreras 0-0: Ball
1-0: Called Strike
1-1: Ball
2-1: Ball
3-1: Base on Balls
Gary Witt to third
Juan Colón to second
Batting: RHB Júlio López 0-0: Ball
1-0: Called Strike
1-1: Ground out 3-1 (Groundball, 34S)
Gary Witt scores
Juan Colón to third
Jaime Contreras to second
Batting: RHB Enrique Aguilar 0-0: Ball
1-0: Ball
2-0: Called Strike
2-1: Foul Ball, location: 2F
2-2: Ball
3-2: Base on Balls
Batting: RHB Carlos Aguirre 0-0: Fielders Choice at 2nd, 6-4 (Groundball, 6D)
Bottom of the 1st over - 1 run(s), 1 hit(s), 0 error(s), 2 left on base; Waba 0 - Detroit 1
TOP OF THE 2ND
Waba Ducks batting - Pitching for Detroit X-Wings : RHP Joe Hopkins
Batting: LHB Howard Evans 0-0: Foul Ball, location: 2F
0-1: Ball
1-1: Foul Ball, location: 2F
1-2: Foul Ball, location: 2F
1-2: Ball
2-2: Ball
3-2: SINGLE (Groundball, 6MD)
Batting: RHB Jeremy Flemming 0-0: Called Strike
0-1: Ball
1-1: SINGLE (Line Drive, 6MD)
Howard Evans to second
Batting: RHB Enrico Ramos 0-0: Ball
1-0: Ball
2-0: Ball
3-0: Base on Balls
Howard Evans to third
Jeremy Flemming to second
Batting: RHB Ángelo García 0-0: Ball
1-0: Ball
2-0: Ball
3-0: Called Strike
3-1: Fly out, F8 (Line Drive, 8LM)
Batting: RHB António Valdéz 0-0: Ball
1-0: Ball
Wild Pitch!
Howard Evans scores
Jeremy Flemming to third
Enrico Ramos to second
2-0: SINGLE (Groundball, 56) (infield hit)
Jeremy Flemming scores
Enrico Ramos to third
Batting: LHB Javier Orozco 0-0: Ball
1-0: Ball
2-0: Called Strike
2-1: Ball
3-1: Base on Balls
António Valdéz to second
Batting: RHB Pedro Molina 0-0: SINGLE (Line Drive, 56)
Enrico Ramos scores
António Valdéz to third
Javier Orozco to second
Runner from 3rd tries for Home, SAFE, throw made home
Batting: LHB José Román 0-0: Ball
Wild Pitch!
Javier Orozco to third
Pedro Molina to second
1-0: Called Strike
1-1: Ball
2-1: Foul Ball, location: 2F
2-2: Foul Ball, location: 2F
2-2: Ball
3-2: Base on Balls
Batting: RHB Chris Osborn 0-0: Ball
1-0: Fly out, F7 (Flyball, 7LSF)
Runner from 3rd tags up, SCORES, no throw
Batting: LHB Howard Evans 0-0: Swinging Strike
0-1: Ball
1-1: Foul Ball, location: 2F
1-2: Ball
2-2: Strikes out looking
Top of the 2nd over - 5 run(s), 4 hit(s), 0 error(s), 2 left on base; Waba 5 - Detroit 1
BOTTOM OF THE 2ND
Detroit X-Wings batting - Pitching for Waba Ducks : RHP Fernando Guzmán
Batting: SHB Felipe Detorres 0-0: Foul Ball, location: 2F
0-1: Foul Ball, location: 2F
0-2: Strikes out swinging
Batting: LHB Paul Alston 0-0: Ball
1-0: Called Strike
1-1: Foul Ball, location: 2F
1-2: Ball
2-2: Foul Ball, location: 2F
2-2: Ball
3-2: Strikes out swinging
Batting: LHB Sergio Luna 0-0: Ball
1-0: Swinging Strike
1-1: Foul Ball, location: 2F
1-2: Ball
2-2: Strikes out swinging
Bottom of the 2nd over - 0 run(s), 0 hit(s), 0 error(s), 0 left on base; Waba 5 - Detroit 1
TOP OF THE 3RD
Waba Ducks batting - Pitching for Detroit X-Wings : RHP Joe Hopkins
Batting: RHB Jeremy Flemming 0-0: Foul Ball, location: 2F
0-1: SINGLE (Groundball, 56) (infield hit)
Batting: RHB Enrico Ramos 0-0: Foul Ball, location: 2F
0-1: Fly out, F8 (Line Drive, 8LM)
Batting: RHB Ángelo García 0-0: Called Strike
0-1: Ball
Jeremy Flemming steals 2nd base
1-1: SINGLE (Line Drive, 34D)
Jeremy Flemming to third
Runner from 3rd tries for Home, SAFE, no throw
Batting: RHB António Valdéz 0-0: Called Strike
0-1: Ball
1-1: Called Strike
1-2: Ball
2-2: Ball
3-2: SINGLE (Groundball, 6D)
Ángelo García to second
Batting: LHB Javier Orozco 0-0: Called Strike
0-1: Ball
1-1: Foul Ball, location: 2F
1-2: Foul Ball, location: 2F
1-2: Ball
2-2: Fly out, F8 (Flyball, 8RD)
Runner from 2nd tags up, SAFE at 3rd, no throw
Batting: RHB Pedro Molina 0-0: Ball
1-0: Ball
2-0: Ball
3-0: Base on Balls
António Valdéz to second
Batting: LHB José Román 0-0: GRAND SLAM HOME RUN (Flyball, 9D), Distance : 393 ft
Pitching: RHP Art Kelley
Batting: RHB Chris Osborn 0-0: Ground out 4-3 (Groundball, 4M)
Top of the 3rd over - 5 run(s), 4 hit(s), 0 error(s), 0 left on base; Waba 10 - Detroit 1
BOTTOM OF THE 3RD
Detroit X-Wings batting - Pitching for Waba Ducks : RHP Fernando Guzmán
Batting: RHB Gary Witt 0-0: Foul Ball, location: 2F
0-1: Ball
1-1: Ball
2-1: Ground out 6-3 (Groundball, 6S)
Batting: LHB Juan Colón 0-0: Ball
1-0: Swinging Strike
1-1: Ball
2-1: Foul Ball, location: 2F
2-2: Ground out U3 (Groundball, 34)
Batting: RHB Jaime Contreras 0-0: Ball
1-0: Ball
2-0: Ball
3-0: Base on Balls
Batting: RHB Júlio López 0-0: Ball
1-0: Ball
2-0: Called Strike
2-1: Ball
3-1: Base on Balls
Jaime Contreras to second
Batting: RHB Enrique Aguilar 0-0: Called Strike
0-1: Called Strike
0-2: SINGLE (Line Drive, 4D)
Jaime Contreras to third
Júlio López to second
Runner from 3rd tries for Home, SAFE, no throw
Batting: RHB Carlos Aguirre 0-0: Called Strike
0-1: SINGLE (Groundball, 4MD)
Júlio López to third
Enrique Aguilar to second
Runner from 3rd tries for Home, SAFE, throw made home
Batting: SHB Felipe Detorres 0-0: Foul Ball, location: 2F
0-1: SINGLE (Groundball, 4MD)
Enrique Aguilar to third
Carlos Aguirre to second
Runner from 3rd tries for Home, SAFE, throw made home
Carlos Aguirre to third
Felipe Detorres to second
Batting: LHB Paul Alston 0-0: Ball
1-0: Foul Ball, location: 2F
1-1: Foul Ball, location: 2F
1-2: Foul Ball, location: 2F
1-2: Foul Ball, location: 2F
1-2: Foul Ball, location: 2F
1-2: Strikes out swinging
Bottom of the 3rd over - 3 run(s), 3 hit(s), 0 error(s), 2 left on base; Waba 10 - Detroit 4
TOP OF THE 4TH
Waba Ducks batting - Pitching for Detroit X-Wings : RHP Art Kelley
Batting: LHB Howard Evans 0-0: Ball
1-0: Foul Ball, location: 2F
1-1: Ball
2-1: SINGLE (Line Drive, 8LS)
Batting: RHB Jeremy Flemming 0-0: Ball
1-0: Swinging Strike
1-1: Foul Ball, location: 2F
1-2: Ball
2-2: Ball
3-2: SINGLE (Flyball, 89S)
Howard Evans to second
Batting: RHB Enrico Ramos 0-0: Ball
1-0: Called Strike
1-1: SINGLE (Line Drive, 78M)
Howard Evans to third
Jeremy Flemming to second
Batting: RHB Ángelo García 0-0: Swinging Strike
0-1: Fly out, F4 (Line Drive, 4)
Batting: RHB António Valdéz 0-0: Ball
1-0: Called Strike
1-1: Grounds into double play, 4-6-3 (Groundball, 4)
Top of the 4th over - 0 run(s), 3 hit(s), 0 error(s), 2 left on base; Waba 10 - Detroit 4
BOTTOM OF THE 4TH
Detroit X-Wings batting - Pitching for Waba Ducks : RHP Fernando Guzmán
Batting: LHB Sergio Luna 0-0: Swinging Strike
0-1: Ball
1-1: Swinging Strike
1-2: Ball
2-2: Ball
3-2: Foul Ball, location: 2F
3-2: Base on Balls
Pitching: LHP José Bamuelos
Batting: RHB Gary Witt 0-0: Ball
1-0: SINGLE (Groundball, 34D)
Sergio Luna to second
Runner from 2nd tries for 3rd, SAFE, throw made to third
Batting: LHB Juan Colón 0-0: Ball
1-0: Fly out, F8 (Flyball, 8LS)
Batting: RHB Jaime Contreras 0-0: Ball
1-0: Ball
2-0: Grounds into double play, 4-6-3 (Groundball, 4)
Bottom of the 4th over - 0 run(s), 1 hit(s), 0 error(s), 1 left on base; Waba 10 - Detroit 4
TOP OF THE 5TH
Waba Ducks batting - Pitching for Detroit X-Wings : RHP Art Kelley
Batting: LHB Javier Orozco 0-0: Ball
1-0: Foul Ball, location: 2F
1-1: Fly out, F9 (Flyball, 9S)
Batting: RHB Pedro Molina 0-0: Ball
1-0: Ball
2-0: Foul Ball, location: 2F
2-1: Fly out, F4 (Popup, 4S)
Batting: LHB José Román 0-0: Ball
1-0: SOLO HOME RUN (Flyball, 9D), Distance : 373 ft
Batting: RHB Chris Osborn 0-0: Fly out, F9 (Flyball, 9S)
Top of the 5th over - 1 run(s), 1 hit(s), 0 error(s), 0 left on base; Waba 11 - Detroit 4
BOTTOM OF THE 5TH
Detroit X-Wings batting - Pitching for Waba Ducks : LHP José Bamuelos
Batting: RHB Júlio López 0-0: Ball
1-0: Foul Ball, location: 2F
1-1: Foul Ball, location: 2F
1-2: Ball
2-2: Foul Ball, location: 2F
2-2: Ball
3-2: Base on Balls
Batting: RHB Enrique Aguilar 0-0: Foul Ball, location: 2F
0-1: Fly out, F9 (Flyball, 9LM)
Batting: RHB Carlos Aguirre 0-0: Swinging Strike
0-1: Reached on error, E3 (Groundball, 34)
Júlio López to second
Batting: SHB Felipe Detorres 0-0: Ball
1-0: Fly out, F7 (Flyball, 7)
Batting: LHB Paul Alston 0-0: Ball
1-0: Ball
2-0: Ball
3-0: Swinging Strike
3-1: Fielders Choice at 2nd, 4-6 (Groundball, 4)
Bottom of the 5th over - 0 run(s), 0 hit(s), 1 error(s), 1 left on base; Waba 11 - Detroit 4
TOP OF THE 6TH
Waba Ducks batting - Pitching for Detroit X-Wings : RHP Art Kelley
Batting: LHB Howard Evans 0-0: Called Strike
0-1: Foul Ball, location: 2F
0-2: Ball
1-2: Foul Ball, location: 2F
1-2: Ball
2-2: Fly out, F7 (Flyball, 7LSF)
Batting: RHB Jeremy Flemming 0-0: Ball
1-0: Ball
2-0: Ball
3-0: Base on Balls
Batting: RHB Enrico Ramos 0-0: Called Strike
0-1: Ball
1-1: SINGLE (Line Drive, 4M)
Jeremy Flemming to second
Batting: RHB Ángelo García 0-0: Ball
1-0: Called Strike
1-1: Ball
2-1: Called Strike
2-2: DOUBLE (Flyball, 89D)
Jeremy Flemming scores
Enrico Ramos to third
Batting: RHB António Valdéz 0-0: Swinging Strike
0-1: Swinging Strike
0-2: Ball
1-2: DOUBLE (Flyball, 8LD)
Enrico Ramos scores
Ángelo García scores
Pitching: LHP Javier Duarte
Batting: LHB Javier Orozco 0-0: Ground out 4-3 (Groundball, 4)
António Valdéz to third
Batting: RHB Pedro Molina 0-0: Fly out, F9 (Flyball, 9S)
Top of the 6th over - 3 run(s), 3 hit(s), 0 error(s), 1 left on base; Waba 14 - Detroit 4
BOTTOM OF THE 6TH
Detroit X-Wings batting - Pitching for Waba Ducks : LHP José Bamuelos
Batting: LHB Sergio Luna 0-0: Ground out 1-3 (Groundball, 15S)
Batting: RHB Gary Witt 0-0: Called Strike
0-1: Ball
1-1: Ball
2-1: Called Strike
2-2: Strikes out swinging
Batting: LHB Juan Colón 0-0: Ball
1-0: Foul Ball, location: 2F
1-1: Foul Ball, location: 2F
1-2: Foul Ball, location: 2F
1-2: Ball
2-2: Ball
3-2: Strikes out looking
Bottom of the 6th over - 0 run(s), 0 hit(s), 0 error(s), 0 left on base; Waba 14 - Detroit 4
TOP OF THE 7TH
Waba Ducks batting - Pitching for Detroit X-Wings : LHP Javier Duarte
Batting: LHB José Román 0-0: SINGLE (Groundball, 34D)
Batting: RHB Chris Osborn 0-0: Ball
1-0: Foul Ball, location: 2F
1-1: Called Strike
1-2: Foul Ball, location: 2F
1-2: 2-RUN HOME RUN (Flyball, 78XD), Distance : 413 ft
Batting: LHB Howard Evans 0-0: Ball
1-0: Ball
2-0: Foul Ball, location: 2F
2-1: Foul Ball, location: 2F
2-2: Fly out, F6 (Popup, 6)
Batting: RHB Jeremy Flemming 0-0: Foul Ball, location: 2F
0-1: DOUBLE (Flyball, 8LD)
Batting: RHB Enrico Ramos 0-0: Swinging Strike
0-1: Ball
Passed Ball!
Jeremy Flemming to third
1-1: Ground out 4-3 (Groundball, 4)
Jeremy Flemming scores
Pitching: RHP Aaron Abrams
Batting: RHB Ángelo García 0-0: Called Strike
0-1: SINGLE (Groundball, 34D)
Batting: RHB António Valdéz 0-0: Called Strike
0-1: Ball
1-1: Swinging Strike
1-2: Strikes out looking
Top of the 7th over - 3 run(s), 4 hit(s), 0 error(s), 1 left on base; Waba 17 - Detroit 4
BOTTOM OF THE 7TH
Detroit X-Wings batting - Pitching for Waba Ducks : LHP José Bamuelos
Batting: RHB Jaime Contreras 0-0: Called Strike
0-1: Called Strike
0-2: Ground out 5-3 (Groundball, 56S)
Batting: RHB Júlio López 0-0: Foul Ball, location: 2F
0-1: Ball
1-1: Ball
2-1: Swinging Strike
2-2: Strikes out swinging
Batting: RHB Enrique Aguilar 0-0: Ball
1-0: Ball
2-0: Swinging Strike
2-1: Ball
3-1: Called Strike
3-2: Ground out 6-3 (Groundball, 6)
Bottom of the 7th over - 0 run(s), 0 hit(s), 0 error(s), 0 left on base; Waba 17 - Detroit 4
TOP OF THE 8TH
Waba Ducks batting - Pitching for Detroit X-Wings : RHP Aaron Abrams
Batting: LHB Javier Orozco 0-0: Ball
1-0: DOUBLE (Line Drive, 89D)
Batting: RHB Pedro Molina 0-0: Foul Ball, location: 2F
0-1: Ball
1-1: Ball
2-1: Called Strike
2-2: Ball
3-2: Base on Balls
Batting: LHB José Román 0-0: Ball
1-0: Called Strike
1-1: Ball
2-1: Ball
3-1: Base on Balls
Javier Orozco to third
Pedro Molina to second
Batting: RHB Chris Osborn 0-0: Called Strike
0-1: Ball
Wild Pitch!
Javier Orozco scores
Pedro Molina to third
José Román to second
1-1: Called Strike
1-2: Strikes out swinging
Batting: LHB Howard Evans 0-0: Called Strike
0-1: Foul Ball, location: 2F
0-2: Ball
1-2: Ground out 6-3 (Groundball, 6)
Pedro Molina scores
Batting: RHB Jeremy Flemming 0-0: Ball
1-0: Ball
2-0: Ball
3-0: Called Strike
3-1: Base on Balls
Batting: RHB Enrico Ramos 0-0: Called Strike
0-1: Called Strike
0-2: Ball
1-2: Foul Ball, location: 2F
1-2: Strikes out swinging
Top of the 8th over - 2 run(s), 1 hit(s), 0 error(s), 2 left on base; Waba 19 - Detroit 4
BOTTOM OF THE 8TH
Detroit X-Wings batting - Pitching for Waba Ducks : LHP José Bamuelos
Pitching: RHP John Dickson
Batting: RHB Carlos Aguirre 0-0: Ball
1-0: Reached via error on a dropped throw, E3
Batting: SHB Felipe Detorres 0-0: Swinging Strike
0-1: Ball
1-1: Ball
2-1: Ball
3-1: Foul Ball, location: 2F
3-2: Strikes out looking
Batting: LHB Paul Alston 0-0: Ball
1-0: Foul Ball, location: 2F
1-1: Foul Ball, location: 2F
1-2: Foul Ball, location: 2F
1-2: Ball
2-2: Foul Ball, location: 2F
2-2: Ball
3-2: Strikes out looking
Batting: LHB Sergio Luna 0-0: SINGLE (Line Drive, 7S)
Carlos Aguirre to second
Batting: RHB Gary Witt 0-0: Swinging Strike
0-1: Called Strike
0-2: Foul Ball, location: 2F
0-2: Foul Ball, location: 2F
0-2: Strikes out swinging
Bottom of the 8th over - 0 run(s), 1 hit(s), 1 error(s), 2 left on base; Waba 19 - Detroit 4
TOP OF THE 9TH
Waba Ducks batting - Pitching for Detroit X-Wings : RHP Aaron Abrams
Batting: RHB Ángelo García 0-0: Ball
1-0: Swinging Strike
1-1: Swinging Strike
1-2: Ball
2-2: Ball
3-2: Base on Balls
Batting: RHB António Valdéz 0-0: Called Strike
0-1: Ball
1-1: Ball
2-1: Foul Ball, location: 2F
2-2: Strikes out swinging
Batting: LHB Javier Orozco 0-0: Ball
1-0: SINGLE (Groundball, 4MD)
Ángelo García to second
Pitching: RHP Felipe Téllez
Batting: RHB Pedro Molina 0-0: Called Strike
Ángelo García steals 3rd base
Javier Orozco to second
0-1: Foul Ball, location: 2F
0-2: Strikes out swinging
Batting: LHB José Román 0-0: Ball
1-0: Ball
2-0: Ball
3-0: Called Strike
3-1: Called Strike
3-2: Foul Ball, location: 2F
3-2: Foul Ball, location: 2F
3-2: Base on Balls
Batting: RHB Chris Osborn 0-0: Called Strike
0-1: Foul Ball, location: 2F
0-2: Ball
1-2: Ball
2-2: Foul Ball, location: 2F
2-2: Ball
3-2: Base on Balls
Ángelo García scores
Javier Orozco to third
José Román to second
Batting: LHB Howard Evans 0-0: Ball
1-0: Foul Ball, location: 2F
1-1: Ball
2-1: Foul Ball, location: 2F
2-2: Strikes out looking
Top of the 9th over - 1 run(s), 1 hit(s), 0 error(s), 3 left on base; Waba 20 - Detroit 4
BOTTOM OF THE 9TH
Detroit X-Wings batting - Pitching for Waba Ducks : RHP John Dickson
Batting: LHB Juan Colón 0-0: Ball
1-0: Called Strike
1-1: Foul Ball, location: 2F
1-2: Foul Ball, location: 2F
1-2: Foul Ball, location: 2F
1-2: Ground out 4-3 (Groundball, 34)
Batting: RHB Jaime Contreras 0-0: Ground out 6-3 (Groundball, 6)
Batting: RHB Júlio López 0-0: Ground out 4-3 (Groundball, 4)
Bottom of the 9th over - 0 run(s), 0 hit(s), 0 error(s), 0 left on base; Waba 20 - Detroit 4
Thursday, March 30th, 2017 - OOTP Baseball 17.12 Build 75